 Dungeon Crawl Stone Soup version bcrawl-1.13 (webtiles) character file.

Game seed: 14576913764198442817

45894 Camlann the Grappler (level 14, 0/113 HPs)
             Began as a Demonspawn Archaeologist on July 27, 2019.
             Was a Priest of Wu Jian.
             Slain by an orc warrior
             ... wielding a +0 halberd
             ... led by an orc knight
              (17 damage)
             ... in the Orcish Mines.
             The game lasted 00:36:45 (22754 turns).

Camlann the Grappler (Demonspawn Archaeologist)    Turns: 22754, Time: 00:36:46

Health: 0/113      AC: 21    Str: 14    XL:     14   Next: 2%
Magic:  14/14      EV: 10    Int: 19    God:    Wu Jian [***...]
Gold:   1826       SH: 13    Dex: 11    Spells: 4/13 levels left

rFire    + + +     SeeInvis .     - Unarmed
rCold    + + .     Gourm    .   S - +2 shield {rF+}
rNeg     . . .     Faith    .   A - +0 fire dragon scales
rPois    +         Spirit   .   (helmet unavailable)
rElec    +         Reflect  .   T - +2 cloak {rF+}
rCorr    .         Harm     .   f - +0 pair of hand wraps "Fists of Thunder" {+elec, rElec Slay+2}
MR       +....                  d - +1 pair of boots
Stlth    ..........             O - amulet of magic regeneration
HPRegen  0.28/turn              I - ring of protection from cold
MPRegen  0.39/turn              l - ring of protection from cold

@: very slightly contaminated, invisible
A: horns 3, talons 1, thin metallic scales 2, cold resistance 1, foul stench 1,
poison resistance, augmentation 1, rot immunity
a: Wall Jump, Serpent's Lash, Renounce Religion


You were in the Orcish Mines.
You worshipped Wu Jian.
Wu Jian was most pleased with you.
You were not hungry.

You visited 4 branches of the dungeon, and saw 19 of its levels.
You also visited: Volcano.

You collected 1826 gold pieces.

Inventory:

Hand Weapons
 z - the +5 scimitar "Xuuvaf" {holy, rPois, unknown}
   (You found it on level 11 of the Dungeon)

   It has been blessed by the Shining One to cause great damage to the undead
   and demons.
   It protects you from poison.
Missiles
 s - 1975 arrows
 K - 144 javelins of penetration (quivered)
Armour
 d - a +1 pair of boots (worn)
 f - the +0 pair of hand wraps "Fists of Thunder" (worn) {+elec, rElec Slay+2}

   It affects your accuracy and damage with ranged weapons and melee attacks
   (+2).
   It insulates you from electricity.
 A - +0 fire dragon scales (worn)
 R - a +1 pair of gloves
 S - a +2 shield of fire resistance (worn)
 T - a +2 cloak of fire resistance (worn)
 U - a +1 shield of protection
Jewellery
 l - a ring of protection from cold (right hand)
 I - a ring of protection from cold (left hand)
 O - an amulet of magic regeneration (around neck)
 P - an uncursed ring of wizardry
Wands
 e - a wand of disintegration (13)
 i - a wand of polymorph (26)
 m - a wand of acid (8)
 q - a wand of iceblast (7)
 v - a wand of flame (52)
 y - a wand of random effects (10)
 L - a wand of paralysis (12)
Scrolls
 a - a scroll of identify
 b - 11 scrolls of remove curse
 h - 4 scrolls of fear
 o - 3 scrolls of enchant weapon
 p - 4 scrolls of teleportation
 u - 5 scrolls of blinking
 w - a scroll of torment
 x - a scroll of summoning
 C - 5 scrolls of immolation
 M - a scroll of amnesia
Potions
 j - 4 potions of brilliance
 k - a potion of magic
 t - 8 potions of curing
 B - a potion of cancellation
 D - 2 potions of haste
 E - 2 potions of berserk rage
 F - 2 potions of flight
 H - a potion of ambrosia {unknown}
 N - 2 potions of agility
Miscellaneous
 r - a lamp of fire
 J - a phial of floods
 V - a lightning rod (4/4)
Comestibles
 g - 31 rations {!d}


   Skills:
 - Level 11.2 Fighting
   Level 0.8 Maces & Flails
 - Level 9.0 Armour
 - Level 5.0 Dodging
 - Level 3.0 Stealth
 + Level 9.8 Shields
 + Level 14.6 Unarmed Combat
 + Level 1.7 Charms
 + Level 2.2 Necromancy


You had 4 spell levels left.
You knew the following spells:

 Your Spells              Type           Power        Failure   Level  Hunger
a - Regeneration          Chrm/Necr      #.........   92%         3    ####...
b - Deflect Missiles      Chrm/Air       #.........   100%        6    #######

Your spell library contained the following spells:

 Spells                   Type           Power        Failure   Level  Hunger
 Infusion                 Chrm           #.......     63%         1    ##.....
 Song of Slaying          Chrm           #.......     77%         2    ###....
 Beastly Appendage        Tmut           #.....       86%         1    ##.....
 Flame Tongue             Conj/Fire      #....        86%         1    ##.....
 Summon Small Mammal      Summ           #...         86%         1    ##.....
 Call Imp                 Summ           #.......     95%         2    ###....
 Sticks to Snakes         Tmut           #.......     95%         2    ###....
 Ozocubu's Armour         Chrm/Ice       #.......     98%         3    ####...
 Spectral Weapon          Hex/Chrm       #.......     98%         3    ####...
 Call Canine Familiar     Summ           #.......     99%         3    ####...
 Conjure Flame            Conj/Fire      #.......     99%         3    ####...
 Inner Flame              Hex/Fire       N/A          99%         3    ####...
 Spider Form              Tmut/Pois      #..          99%         3    ####...
 Ice Form                 Ice/Tmut       #.......     100%        4    #####..
 Sticky Flame             Conj/Fire      #.......     100%        4    #####..
 Summon Ice Beast         Ice/Summ       #.......     100%        4    #####..
 Blade Hands              Tmut           #.........   100%        5    ######.
 Fireball                 Conj/Fire      #.........   100%        5    ######.
 Iskenderun's Battlesphe  Conj/Chrm      #.......     100%        5    ######.
 Metabolic Englaciation   Hex/Ice        #.........   100%        5    ######.
 Silence                  Hex/Air        #.........   100%        5    ######.
 Summon Lightning Spire   Summ/Air       #.......     100%        5    ######.
 Bolt of Cold             Conj/Ice       #.........   100%        6    #######
 Conjure Ball Lightning   Conj/Air       #.........   100%        6    #######
 Freezing Cloud           Conj/Ice/Air   #.........   100%        6    #######
 Iron Shot                Conj/Erth      #.........   100%        6    #######
 Ozocubu's Refrigeration  Ice            #.........   100%        6    #######
 Poison Arrow             Conj/Pois      #.........   100%        6    #######
 Simulacrum               Ice/Necr       #.........   100%        6    #######
 Icicle Burst             Conj/Ice       #.........   100%        7    #######
 Orb of Destruction       Conj           #.........   100%        7    #######
 Spellforged Servitor     Conj/Summ      #.........   100%        7    #######
 Chain Lightning          Conj/Air       #.........   100%        8    #######
 Glaciate                 Conj/Ice/Air   #.........   100%        8    #######
 Lehudib's Crystal Spear  Conj/Erth      #.........   100%        8    #######
 Fire Storm               Conj/Fire      #.........   100%        9    #######
 Tornado                  Air            #.........   100%        9    #######


Dungeon Overview and Level Annotations

Branches:
Dungeon (11/12)            Temple (1/1) D:4            Lair (6/6) D:8
 Shoals (0/3) Lair:2        Snake (0/3) Lair:2        Slime (0/5) Lair:5
    Orc (1/1) D:11
    Elf: Orc:1       Vaults: D:11-12

Altars:
Ashenzari
Cheibriados
Dithmenos
Elyvilon
Fedhas
Gozag
Hepliaklqana
Kikubaaqudgha
Lugonu
Makhleb
Nemelex Xobeh
Okawaru
Qazlal
Ru
Sif Muna
Trog
Uskayaw
Vehumet
Wu Jian
Xom
Yredelemnul
Zin
The Shining One

Shops:
D:4 :   D:9 [   D:11 [

Annotations:
D:8 1 runed translucent door, petercordiaCSDC's ghost, novice NaVM


Innate Abilities, Weirdness & Mutations

You have a pair of large horns on your head.
You are mostly covered in thin metallic scales. (AC +3)
Your flesh is cold resistant. (rC+)
You may emit foul miasma when damaged in melee.
Your magical and physical power is slightly enhanced at high health.
You are immune to rotting.
You have sharp toenails.
Your system is resistant to poisons. (rPois)


Message History

You hit the orc knight.
The orc knight hits you but does no damage.
The orc knight looks sick.
You spin and attack the orc.
You catch the helpless orc completely off-guard!
You pummel the orc!!
You kill the orc!
The Council accepts your kill.
You strike the helpless orc knight from behind!
You hit the orc knight.
The orc warrior throws a tomahawk.
The tomahawk barely misses the orc warrior.
The tomahawk closely misses you. You block the orc knight's attack.
You punch the orc knight!
You kill the orc knight!
The Council accepts your kill.
The orc warrior throws a tomahawk.
You block the tomahawk.
You hit the orc warrior. You closely miss the orc warrior.
The orc warrior hits you with a +0 halberd!
You die...

#. ....... .#.. .......
....# ....... ......#
..#.... .......####.#...
## .......##...... .##
..##.....o# ..#
##.##.@..## ..###
#..^.#.o..# ....#
##........## ....###
####.........#
......###.####......##
#...####...##.......#
.....#..#...........##
.....................##
.##...........##......###


You could see 2 orc warriors.

Vanquished Creatures
  Rupert (Lair:6)
  2 fire dragons (Lair:6)
  3 hydras
  Psyche (D:8)
  A two-headed ogre (D:11)
  3 centaur warriors
  An ogre mage (D:11)
  2 tengu warriors
  A swamp dragon (Lair:6)
  An unseen horror (D:11)
  A deep elf archer (D:11)
  A lindwurm (Lair:6)
  A cyclops (D:11)
  A flayed ghost (D:11)
  Pikel (D:8)
  An orc knight (Orc)
  A harpy (D:11)
  2 ugly things
  A deep elf mage (D:11)
  A manticore (D:10)
  2 centaur zombies
  5 torpor snails (Lair:6)
  An eye of devastation (Lair:5)
  3 black mambas (Lair:4)
  10 cane toads
  2 rime drakes
  A freezing wraith (D:11)
  6 komodo dragons
  3 tengu conjurers (D:11)
  A queen bee (shapeshifter) (D:10)
  9 hornets
  4 tyrant leeches (Lair:6)
  A harpy skeleton (D:11)
  A polar bear (Lair:6)
  4 trolls
  6 hippogriffs
  A raiju (shapeshifter) (D:11)
  Prince Ribbit (D:8)
  2 wyverns
  Sigmund (D:6)
  A spriggan (D:7)
  9 yaks
  4 shadows
  3 vampires
  2 steam dragons (Lair:6)
  A vampire mosquito (D:11)
  3 basilisks
  Menkaure (D:6)
  5 nagas (Lair:2)
  3 acid dragons
  8 water moccasins
  5 porcupines
  A black bear (D:10)
  2 eyes of draining
  9 orc warriors
  4 sky beasts
  A hornet zombie (D:11)
  A swamp drake (Lair:6)
  2 ice beasts
  2 slaves (D:8)
  4 ogres
  11 centaurs
  5 wolves (Lair:3)
  19 crocodiles
  14 bullfrogs
  3 scorpions
  7 killer bees
  5 wights (D:9)
  An electric eel (D:9)
  5 howler monkeys
  11 crimson imps
  2 bullfrog zombies
  4 jellies
  Crazy Yiuf (D:5)
  7 hounds
  2 centaur skeletons
  9 orc priests
  A bullfrog skeleton (D:6)
  A gnoll shaman (D:5)
  2 iguanas
  14 orc wizards
  9 worker ants
  13 adders
  5 gnolls (D:5)
  A howler monkey skeleton (D:5)
  5 shadow imps
  2 adder skeletons (D:5)
  2 adder zombies
  A worm (D:2)
  2 dart slugs
  7 leopard geckos
  42 orcs
  2 ball pythons
  3 giant cockroaches
  2 goblins
  8 hobgoblins
  9 jackals
  4 quokkas
  3 bats
  3 frilled lizards
  11 kobolds
  A quokka skeleton (D:4)
  5 rats
426 creatures vanquished.

Vanquished Creatures (others)
  An orc priest (D:11)
  An orc (D:11)
  2 fungi (Lair:6)
  15 plants (Lair:6)
19 creatures vanquished.

Grand Total: 445 creatures vanquished

Notes
Turn   | Place    | Note
-------+----------+-------------------------------------------
     0 | D:1      | Camlann the Demonspawn Archaeologist began the quest for
                  | the Orb.
     0 | D:1      | Reached XP level 1. HP: 15/15 MP: 1/1
   356 | D:1      | Gained mutation: You are partially covered in thin metallic
                  | scales. (AC +2) [demonic ancestry]
   356 | D:1      | Reached XP level 2. HP: 15/22 MP: 2/2
   836 | D:1      | Gained mutation: You have a pair of small horns on your
                  | head. [demonic ancestry]
   836 | D:1      | Reached XP level 3. HP: 23/29 MP: 3/3
  1273 | D:2      | Reached skill level 1 in Unarmed Combat
  1609 | D:2      | Reached skill level 2 in Unarmed Combat
  2277 | D:3      | Reached skill level 3 in Unarmed Combat
  2277 | D:3      | Gained mutation: You are mostly covered in thin metallic
                  | scales. (AC +3) [demonic ancestry]
  2277 | D:3      | Reached XP level 4. HP: 29/35 MP: 4/4
  2985 | D:4      | Reached skill level 4 in Unarmed Combat
  3186 | D:4      | Noticed an ogre
  3196 | D:4      | Killed an ogre
  3196 | D:4      | Reached skill level 5 in Unarmed Combat
  3196 | D:4      | Gained mutation: You are immune to rotting. [demonic
                  | ancestry]
  3196 | D:4      | Reached XP level 5. HP: 29/41 MP: 5/5
  3287 | D:4      | Found Kaniu's Book Emporium.
  3323 | D:4      | Reached skill level 6 in Unarmed Combat
  3398 | D:4      | Got a warped dagger
  3496 | D:3      | Found a corrupted altar of Lugonu.
  3527 | D:4      | Gained mutation: Your flesh is cold resistant. (rC+)
                  | [demonic ancestry]
  3527 | D:4      | Reached XP level 6. HP: 47/47 MP: 6/6
  3554 | D:4      | Found a staircase to the Ecumenical Temple.
  3589 | Temple   | Entered the Ecumenical Temple
  3630 | Temple   | Became a worshipper of the Wu Jian Council
  3818 | D:4      | Noticed a sky beast
  3839 | D:4      | Killed a sky beast
  4071 | D:4      | Reached XP level 7. HP: 38/54 MP: 7/7
  4229 | D:4      | Reached skill level 7 in Unarmed Combat
  4314 | D:4      | Found a blossoming altar of Fedhas.
  4552 | D:5      | Entered Level 5 of the Dungeon
  4621 | D:5      | Reached skill level 1 in Armour
  4648 | D:5      | Reached skill level 5 in Fighting
  4648 | D:5      | Gained mutation: You have a pair of horns on your head.
                  | [demonic ancestry]
  4648 | D:5      | Reached XP level 8. HP: 39/62 MP: 8/8
  4957 | D:5      | Reached * piety under Wu Jian
  5274 | D:5      | Found a runed door.
  5278 | D:5      | Noticed Crazy Yiuf
  5281 | D:5      | Killed Crazy Yiuf
  5635 | D:5      | Reached skill level 8 in Unarmed Combat
  5771 | D:6      | Noticed a hippogriff
  5774 | D:6      | Got a coiled lapis lazuli ring
  5783 | D:5      | Identified the ring "Ikiduozxal" {rPois rC- Str+5 Int-5
                  | Dex+2} (You found it on level 6 of the Dungeon)
  5795 | D:6      | Killed a hippogriff
  5816 | D:6      | Found a shattered altar of Ashenzari.
  5916 | D:6      | Noticed Sigmund
  5941 | D:6      | Killed Sigmund
  6057 | D:6      | Gained mutation: You may emit foul miasma when damaged in
                  | melee. [demonic ancestry]
  6057 | D:6      | Reached XP level 9. HP: 69/69 MP: 9/9
  6090 | D:6      | Found a glowing silver altar of Zin.
  6096 | D:6      | Noticed Menkaure
  6107 | D:6      | Killed Menkaure
  6134 | D:6      | Found a burning altar of Makhleb.
  6134 | D:6      | Found a shimmering altar of Xom.
  6296 | D:6      | Reached skill level 5 in Armour
  6331 | D:6      | Reached skill level 9 in Unarmed Combat
  6833 | D:7      | Found a sacrificial altar of Ru.
  6950 | D:7      | Reached ** piety under Wu Jian
  7070 | D:7      | Found a snail-covered altar of Cheibriados.
  7219 | D:7      | Found a bloodstained altar of Trog.
  7328 | D:8      | Noticed Pikel
  7369 | D:8      | Found a runed translucent door.
  7372 | D:8      | Noticed petercordiaCSDC's ghost (novice NaVM)
  7446 | D:8      | Noticed Prince Ribbit
  7453 | D:8      | Killed Prince Ribbit
  7453 | D:8      | Reached skill level 1 in Shields
  7453 | D:8      | Reached skill level 10 in Unarmed Combat
  7475 | D:8      | Found a sparkling altar of Nemelex Xobeh.
  7476 | D:8      | Found an opulent altar of Gozag.
  7739 | D:8      | Found a staircase to the Lair.
  7829 | D:8      | Found a white marble altar of Elyvilon.
  7866 | D:8      | Gained mutation: Your magical and physical power is
                  | slightly enhanced at high health. [demonic ancestry]
  7866 | D:8      | Reached XP level 10. HP: 20/76 MP: 10/10
  8391 | D:8      | Killed Pikel
  8419 | D:8      | Found a hazy altar of Hepliaklqana.
  8547 | D:8      | Noticed Psyche
  8558 | D:8      | Killed Psyche
  8562 | D:8      | Found a deep blue altar of Sif Muna.
  9168 | D:9      | Reached skill level 11 in Unarmed Combat
  9241 | D:9      | Found an iron altar of Okawaru.
  9252 | D:9      | Got a twisted spear
  9453 | D:9      | Identified the +4 spear "Sasmam" {pierce, rC+ Str+6} (You
                  | found it on level 9 of the Dungeon)
  9454 | D:9      | Identified the +8 dagger of Fragile Peace {freeze, -Tele
                  | rElec rF+} (You found it on level 4 of the Dungeon)
  9579 | D:9      | Found Voittiat's Armour Boutique.
  9608 | D:9      | Reached *** piety under Wu Jian
 10136 | D:9      | Found a glowing golden altar of the Shining One.
 10412 | Lair:1   | Entered Level 1 of the Lair of Beasts
 10565 | Lair:1   | Noticed a cane toad
 10578 | Lair:1   | Killed a cane toad
 10883 | Lair:1   | Reached XP level 11. HP: 76/81 MP: 11/11
 11223 | Lair:1   | Noticed an eight-headed hydra
 11234 | Lair:1   | Killed an eight-headed hydra
 11730 | Lair:2   | Reached skill level 12 in Unarmed Combat
 11777 | Lair:2   | Found a staircase to the Snake Pit.
 12255 | Lair:2   | Found a staircase to the Shoals.
 13604 | Lair:3   | Reached skill level 5 in Dodging
 13954 | Lair:4   | Identified a scroll of acquirement
 14212 | Lair:4   | Found a dark tunnel.
 14222 | Volcano  | Entered a volcano
 14236 | Volcano  | Reached **** piety under Wu Jian
 14238 | Volcano  | Noticed a centaur warrior
 14245 | Volcano  | Killed a centaur warrior
 14245 | Volcano  | Reached skill level 5 in Shields
 14507 | Lair:4   | Reached XP level 12. HP: 84/91 MP: 12/12
 14694 | Lair:5   | Found a staircase to the Slime Pits.
 14928 | Lair:5   | Gained mutation: Scrolls take you a little longer to read.
                  | [potion of mutation]
 14928 | Lair:5   | Gained mutation: You are resistant to hostile enchantments.
                  | (MR+) [potion of mutation]
 14928 | Lair:5   | Gained mutation: You expend magic power (3 MP) to
                  | strengthen your wands. [potion of mutation]
 14928 | Lair:5   | Gained mutation: Your system is resistant to poisons.
                  | (rPois) [potion of mutation]
 14929 | Lair:5   | Lost mutation: Your system is resistant to poisons. (rPois)
                  | [potion of mutation]
 14929 | Lair:5   | Lost mutation: Scrolls take you a little longer to read.
                  | [potion of mutation]
 14929 | Lair:5   | Lost mutation: You are resistant to hostile enchantments.
                  | (MR+) [potion of mutation]
 14929 | Lair:5   | Lost mutation: You expend magic power (3 MP) to strengthen
                  | your wands. [potion of mutation]
 14929 | Lair:5   | Gained mutation: Your system is resistant to poisons.
                  | (rPois) [potion of mutation]
 14929 | Lair:5   | Gained mutation: You have sharp toenails. [potion of
                  | mutation]
 15710 | Lair:6   | Entered Level 6 of the Lair of Beasts
 15810 | Lair:6   | Reached skill level 13 in Unarmed Combat
 16042 | Lair:6   | Noticed Rupert
 16067 | Lair:6   | Killed Rupert
 17323 | Lair:6   | Noticed a fire dragon
 17356 | Lair:6   | Killed a fire dragon
 17930 | Lair:6   | Found a runed door.
 17931 | Lair:6   | Noticed a fire dragon
 17940 | Lair:6   | Killed a fire dragon
 18290 | Lair:6   | Reached XP level 13. HP: 91/102 MP: 13/13
 19149 | Lair:6   | Reached skill level 10 in Fighting
 19365 | D:10     | Entered Level 10 of the Dungeon
 19775 | D:10     | Reached skill level 14 in Unarmed Combat
 19988 | D:10     | Found a shadowy altar of Dithmenos.
 21152 | D:11     | Got an encrusted scimitar
 21551 | D:11     | Learned a level 3 spell: Regeneration
 21558 | D:11     | Learned a level 6 spell: Deflect Missiles
 21664 | D:11     | Reached skill level 1 in Necromancy
 21674 | D:11     | Reached skill level 1 in Charms
 21953 | D:11     | Found Koxobb's Armour Shoppe.
 21955 | D:11     | Found a staircase to the Orcish Mines.
 22471 | Orc      | Entered the Orcish Mines
 22523 | Orc      | Gained mutation: You have a pair of large horns on your
                  | head. [demonic ancestry]
 22523 | Orc      | Reached XP level 14. HP: 101/113 MP: 14/14
 22630 | Orc      | Found an iron altar of Okawaru.
 22754 | Orc      | Slain by an orc warrior

Skill      XL: |  1  2  3  4  5  6  7  8  9 10 11 12 13 |
---------------+----------------------------------------+-----
Fighting       | 2 3 4 5 6 7 9 11 | 11.2
Unarmed Combat | 3 5 6 7 8 10 11 12 13 14 | 14.6
Dodging        | 3 4 5 |  5.0
Armour         | 1 4 6 7 9 |  9.0
Shields        | 2 4 5 7 9 |  9.8
Necromancy     | 2 |  2.2
Charms         | 1 |  1.7
Maces & Flails | |  0.8
Stealth        | |  3.0

Action                   |  1- 3 |  4- 6 |  7- 9 | 10-12 | 13-15 || total
-------------------------+-------+-------+-------+-------+-------++-------
Melee: Whip              |   109 |       |       |       |       ||   109
       Unarmed           |   116 |   106 |   388 |   704 |   475 ||  1789
       Headbutt          |    18 |    11 |    56 |   138 |    95 ||   318
       Punch             |     1 |     1 |    10 |       |       ||    12
Invok: Lunge             |       |     4 |    25 |    34 |    29 ||    92
       Whirlwind         |       |     1 |     7 |     6 |    10 ||    24
       Heavenly Storm    |       |       |       |       |     5 ||     5
 Abil: Serpent's Lash    |       |       |       |     1 |     1 ||     2
       Wall Jump         |       |       |       |       |     1 ||     1
  Use: Scroll            |     2 |     3 |     2 |    10 |     6 ||    23
       Potion            |       |     3 |     1 |    11 |     3 ||    18
 Stab: Sleeping          |    16 |     6 |     8 |     4 |       ||    34
       Invisible         |       |       |     4 |     1 |     2 ||     7
  Eat: Chunk             |     4 |     6 |    12 |    27 |    15 ||    64
       Ration            |       |       |       |     2 |       ||     2
Armor: Robe              |    66 |    36 |       |       |       ||   102
       Ring mail         |       |       |   137 |   237 |       ||   374
       Fire dragon scale |       |       |       |    13 |   220 ||   233
Dodge: Dodged            |   132 |    54 |   200 |   237 |   114 ||   737
Block: Buckler           |       |       |     7 |    53 |       ||    60
       Shield            |       |       |       |   157 |   259 ||   416
